cohdb
Replays
Latest Replays
All Replays
Popular Replays
Top Player Replays
Match Explorer
How It Works
Community
CoH3 Stats
Reddit
Sign in to upload your games and track your stats! →
Sign in with Steam
Match 40554096
Unlisted
Match 40554096
Overview
Messages
Build Orders
End
Construct Barracks
Selects Special Operations Battlegroup
Selects M29 Weasel Recon Vehicle
M29 Weasel Recon Vehicle
Riflemen Squad
Riflemen Squad
Riflemen Squad
Construct Medical Station
Construct Weapon Support Center
Infantry Support Center
Construct Motor Pool
Selects Raiding Flares
Selects SSF Commando Squad
Raiding Flares
M24 Chaffee Light Tank
Riflemen Squad
M1918 Browning Automatic Rifles
Engineer Squad
M24 Chaffee Light Tank
Selects Assault Operation
Grenade Package
Engineer Squad
Riflemen Squad
Raiding Flares
M24 Chaffee Light Tank
Selects P-47 Anti-Infantry Loiter
M24 Chaffee Light Tank
M24 Chaffee Light Tank
P-47 Anti-Infantry Loiter
Selects M4A1 Sherman Whizbang
M24 Chaffee Light Tank
Дежавю
SEALEKS_12_KAPSUL
UH|dun! ツ
UH|ck
0
0
Comments
sign in to comment!
No comments posted yet!